 Dungeon Crawl Stone Soup version 0.14-a0-1522-g6c286a4 (webtiles) character file.

118 4tharraofdagon the Magician (level 4, -2/27 HPs)
             Began as a High Elf Fire Elementalist on Dec 17, 2013.
             Was an Initiate of Vehumet.
             Slain by a gnoll (6 damage)
             ... on Level 5 of the Dungeon.
             The game lasted 00:03:12 (490 turns).

4tharraofdagon the Magician (HEFE)                   Turns: 490, Time: 00:03:12

HP  -2/27        AC  2     Str  7      XL: 4   Next: 43%
MP   8/13        EV 12     Int 20      God: Vehumet [......]
Gold 20          SH  0     Dex 15      Spells:  3 memorised,  2 levels left

rFire  x . .     SeeInvis .     i - +2,+0 elf short sword
rCold  + . .     Clarity  .     a - +0 elf robe
rNeg   . . .     Conserve .     (no shield)
rPois  .         rCorr    .     (no helmet)
rElec  .         rRot     .     (no cloak)
SustAb . .       Spirit   .     (no gloves)
rMut   .         Warding  .     (no boots)
Saprov . . .     Stasis   .     (no amulet)
                                (no ring)
                                j - ring of ice

@: slightly resistant to hostile enchantments, fairly stealthy
A: no striking features
a: Renounce Religion


You were on level 5 of the Dungeon.
You worshipped Vehumet.
Vehumet was noncommittal.
You were not hungry.

You visited 1 branch of the dungeon, and saw 5 of its levels.

You collected 20 gold pieces.

Inventory:

Hand weapons
 i - a +2,+0 elven short sword (weapon)
Armour
 a - a +0 elven robe (worn)
Magical devices
 g - a wand of flame (5)
Comestibles
 c - 3 bread rations
 h - 2 rotting chunks of hound flesh
 n - 2 chunks of worker ant flesh
Scrolls
 d - 2 scrolls of curse jewellery {unknown}
 e - a scroll of noise {unknown}
 f - a scroll of random uselessness {unknown}
 k - a scroll of identify {unknown}
Jewellery
 j - a ring of ice (left hand)
Potions
 l - a potion of paralysis {unknown}
 m - a potion of curing
Books
 b - a book of Flames

   Spells                             Type                      Level
   *Flame Tongue                      Conjuration/Fire             1
   Throw Flame                        Conjuration/Fire             2
   *Conjure Flame                     Conjuration/Fire             3
   Inner Flame                        Hexes/Fire                   3
   *Sticky Flame                      Conjuration/Fire             4
   Fireball                           Conjuration/Fire             5


   Skills:
 - Level 2.1 Dodging
 - Level 2.1 Stealth
 + Level 3.6 Spellcasting
 * Level 3.5 Conjurations
 - Level 3.3 Fire Magic


You had 2 spell levels left.
You knew the following spells:

 Your Spells              Type           Power        Failure   Level  Hunger
a - Flame Tongue          Conj/Fire      #....        3%          1    None
b - Conjure Flame         Conj/Fire      #.......     12%         3    ###....
c - Sticky Flame          Conj/Fire      #.......     38%         4    ####...


Dungeon Overview and Level Annotations

Branches:
Dungeon (5/16)
 Temple: D:4-7

Altars:
Vehumet


Message History

The gnoll shouts!
Casting: Flame Tongue
Confirm with . or Enter, or press ? or * to list all spells.
Aiming: Flame Tongue
Press: ? - help, Shift-Dir - straight line, f/p - gnoll
Aim: a gnoll (heavily wounded)
You feel a numb sensation.
The flame hits the gnoll.
The gnoll appears unharmed.
The gnoll is heavily wounded.
The gnoll hits you!
* * * LOW HITPOINT WARNING * * *
Casting: Flame Tongue
Confirm with . or Enter, or press ? or * to list all spells.
Aiming: Flame Tongue
Press: ? - help, Shift-Dir - straight line, f/p - gnoll
Aim: a gnoll (heavily wounded)
You feel a numb sensation.
The flame hits the gnoll.
The gnoll is severely wounded.
The gnoll hits you.
You die...

........<........
.................
.................
.................
..................
...........####...
........#)##..# ##
.......#.()(.#.)#
.......#..#)@g..+
.......##########
...... ..... ....
.


You could see a gnoll.

Vanquished Creatures
  A hound (D:4)
  A worker ant (D:4)
  A gnoll (D:5)
  2 adders
  An orc (D:5)
  A giant cockroach (D:3)
  2 goblins
  2 hobgoblins
  A ball python (D:4)
  2 bats
  A giant gecko (D:3)
  3 kobolds
  A kobold skeleton (D:4)
19 creatures vanquished.

Notes
Turn   | Place    | Note
--------------------------------------------------------------
     0 | D:1      | 4tharraofdagon, the High Elf Fire Elementalist, began the quest for the Orb.
     0 | D:1      | Reached XP level 1. HP: 11/11 MP: 4/4
    81 | D:2      | Reached XP level 2. HP: 17/17 MP: 4/6
   165 | D:4      | Found a radiant altar of Vehumet.
   202 | D:4      | Became a worshipper of Vehumet
   211 | D:4      | Reached XP level 3. HP: 13/21 MP: 1/10
   216 | D:4      | Learned a level 3 spell: Conjure Flame
   338 | D:4      | Reached XP level 4. HP: 7/27 MP: 0/13
   418 | D:4      | Learned a level 4 spell: Sticky Flame
   435 | D:5      | Entered Level 5 of the Dungeon
   490 | D:5      | Slain by a gnoll

Action                   |  1- 3 |  4- 6 || total
-------------------------+-------+-------++-------
Melee: Short sword       |     4 |       ||     4
 Cast: Flame Tongue      |    27 |    12 ||    39
Evoke: Wand              |     4 |     1 ||     5
  Use: Potion            |     2 |       ||     2
